cohdb
Replays
Latest Replays
All Replays
Popular Replays
Top Player Replays
Match Explorer
How It Works
Community
CoH3 Stats
Reddit
Sign in to upload your games and track your stats! →
Sign in with Steam
Match 45858339
Unlisted
Match 45858339
Overview
Messages
Build Orders
End
Panzergrenadier Squad
Panzergrenadier Squad
250 Light Carrier
Construct Light Support Kompanie
Combat Half-tracks
MG34 Team
Fire Support Elements
le.IG 18 Mechanized Group
Flakvierling Half-track
Selects Armored Support Battlegroup
Selects Veteran Gunners
Selects Salvage Kits
Pak 38 Anti-tank Gun Team
Flakvierling Half-track
Pak 38 Anti-tank Gun Team
2.5-tonne Medical Truck
le.IG 18 Mechanized Group
Construct Panzerarmee Kommand
Emergency Repair Kits
Armored Reserves
Selects Panzer Storm
Selects Stuka Anti-tank Loiter
Panzergrenadier Squad
Tiger Heavy Tank
2.5-tonne Medical Truck
Panzergrenadier Squad
Stuka Anti-tank Loiter
Vehicle Survival Package
Walking Stuka Rocket Launcher
Stuka Anti-tank Loiter
Panzergrenadier Squad
Tiger Heavy Tank
Panzergrenadier Squad
2.5-tonne Medical Truck
Stuka Anti-tank Loiter
Silvio Guastatori
BeMo
NewDe
Makros
Miko
Mystia Lorelei
0
0
Comments
sign in to comment!
No comments posted yet!